AoeStats
← Aramis

Glade

510714204Analyzed
1v1 RM · 2d ago on Oct 2, 2026· 35m 21s· 2 players
Game mode
Random Map
Map size
Tiny (2 player)
Population
200
Speed
Normal
Resources
Standard
Victory
Conquest
Starting age
Dark Age
Ending age
Imperial Age
RankedLock teamsTeams togetherTeam positionsShared explorationLock speedFull tech treeHidden civsTurbo modeCheats
Victory
Defeat
🇹🇷 Teutons · Türkiye
969
+17
🇺🇸 Bulgarians · United States
981
-17
ALPAGU
7:59 Loom
9:57 Feudal Age
12:22 Double-Bit Axe
19:17 Castle Age
17:52 Fletching
20:28 Bodkin Arrow
19:55 Crossbowman
24:56 Pikeman
26:29 Scale Mail Armor
26:55 Squires
36:32 Imperial Age
Aramis
5:31 Loom
10:44 Feudal Age
11:37 Double-Bit Axe
16:29 Bloodlines
16:39 Horse Collar
21:13 Scale Barding Armor
23:58 Castle Age
22:59 Bloodlines
24:17 Fletching
24:03 Elite Skirmisher
26:02 Husbandry
27:04 Chain Barding Armor
26:40 Bodkin Arrow
30:19 Wheelbarrow
30:39 Forging
32:16 Stone Mining
32:17 Gold Mining
33:34 Forging
33:25 Padded Archer Armor
Connection lost

Rejoining the realm…

Still unreachable

The connection could not be restored.

Session expired

The server has moved on; the page needs a fresh start.